 Dungeon Crawl Stone Soup version 0.25-a0-1078-gea6e5d949a (webtiles) character file.

Game seed: 5993307631064571686, levelgen mode: deterministic

114 Maedhros the Sneak (level 4, 0/28 HPs)
             Began as an Octopode Artificer on May 15, 2020.
             Slain by a centaur skeleton (7 damage)
             ... on level 4 of the Dungeon.
             The game lasted 00:02:54 (362 turns).

Maedhros the Sneak (Octopode Artificer)              Turns: 362, Time: 00:02:54

Health: 0/28       AC:  5    Str: 11    XL:     4   Next: 97%
Magic:  6/6        EV: 13    Int: 13    God:
Gold:   50         SH:  0    Dex: 13    Spells: 3/3 levels left

rFire    . . .     SeeInvis .   a - +0 short sword
rCold    . . .     Gourm    .   (no shield)
rNeg     . . .     Faith    .   (helmet restricted)
rPois    .         Spirit   .   (no amulet)
rElec    .         Reflect  .   h - +4 ring of protection
rCorr    .         Harm     .   (no ring)
MR       .....                  (no ring)
Stlth    +++.......             (no ring)
HPRegen  0.09/turn              (no ring)
MPRegen  0.10/turn              (no ring)
                                (no ring)
                                (no ring)

@: no status effects
A: almost no armour, stealthy swim, amphibious, 8 rings, constrict 8, camouflage
1, gelatinous body 1
a: no special abilities


You were on level 4 of the Dungeon.
You were not hungry.

You visited 1 branch of the dungeon, and saw 4 of its levels.

You collected 50 gold pieces.

Inventory:

Hand Weapons
 a - a +0 short sword (weapon)
Jewellery
 h - a +4 ring of protection (left tentacle)
Wands
 b - a wand of flame (11)
 c - a wand of enslavement (10)
 d - a wand of random effects (13)
Scrolls
 e - a scroll of remove curse {unknown}
 g - 2 scrolls of immolation {unknown}
Comestibles
 f - 4 rations


   Skills:
 - Level 1.0 Fighting
 - Level 1.0 Short Blades
 - Level 2.0 Dodging
 - Level 4.0 Stealth
 + Level 3.4 Unarmed Combat
 - Level 3.2 Evocations


You had 3 spell levels left.
You didn't know any spells.
Your spell library was empty.

Dungeon Overview and Level Annotations

Branches:
Dungeon (4/15)
 Temple: D:4-7

Altars:
Elyvilon


Innate Abilities, Weirdness & Mutations

You cannot wear most types of armour.
You are very stealthy in the water. (Stealth+)
You are amphibious.
You can wear up to eight rings at the same time.
You can use your tentacles to constrict eight enemies at once.
Your skin changes colour to match your surroundings (Stealth+).
Your rubbery body absorbs attacks. (AC +1, EV +1)


Message History

Aim: a centaur skeleton (heavily damaged)
The puff of flame hits the centaur skeleton.
The centaur skeleton is severely damaged.
The centaur skeleton closely misses you.
Evoke which item? (* to show all) (? for menu, Esc to quit)
Aiming: Throw Flame
Press: ? - help, Shift-Dir - straight line, f/p - centaur skeleton
Aim: a centaur skeleton (severely damaged)
The puff of flame hits the centaur skeleton.
The centaur skeleton is almost destroyed.
The centaur skeleton misses you. The centaur skeleton hits you.
* * * LOW HITPOINT WARNING * * *
Evoke which item? (* to show all) (? for menu, Esc to quit)
Aiming: Throw Flame
Press: ? - help, Shift-Dir - straight line, f/p - centaur skeleton
Aim: a centaur skeleton (almost destroyed)
The puff of flame hits the centaur skeleton.
The centaur skeleton is almost destroyed.
The centaur skeleton hits you!
You die...

.###...#.....
#########.............
......................
......................
......................
......................
........†...........##
......................
..............@.......
.>.............Z......
#.###....#####...##...
# #....# #...# ..
#....# #...# #<..##
#...# ###.# #...# ..#
##### ...


You could see a centaur skeleton.

Vanquished Creatures
  An orc warrior (D:3)
  A leopard gecko (D:2)
  A bat (D:1)
  A giant cockroach (D:4)
  2 jackals (D:1)
  2 kobolds (D:3)
  A frilled lizard (D:3)
  A goblin (D:2)
10 creatures vanquished.

Vanquished Creatures (collateral kills)
  An orc wizard (D:3)
  A frilled lizard (D:3)
2 creatures vanquished.

Vanquished Creatures (others)
  2 orcs (D:3)
  A jackal (D:1)
3 creatures vanquished.

Grand Total: 15 creatures vanquished

Notes
Turn   | Place    | Note
-------+----------+-------------------------------------------
     0 | D:1      | Maedhros the Octopode Artificer began the quest for the
                  | Orb.
     0 | D:1      | Reached XP level 1. HP: 13/13 MP: 3/3
    40 | D:1      | Reached skill level 2 in Stealth
    70 | D:2      | Reached XP level 2. HP: 2/18 MP: 4/4
    88 | D:2      | Reached skill level 3 in Stealth
    96 | D:2      | Found a white marble altar of Elyvilon.
   177 | D:3      | Noticed an orc warrior
   215 | D:3      | Reached skill level 4 in Stealth
   259 | D:3      | Killed an orc warrior
   259 | D:3      | Reached XP level 3. HP: 12/23 MP: 5/5
   259 | D:3      | Reached XP level 4. HP: 15/28 MP: 6/6
   362 | D:4      | Slain by a centaur skeleton

Illustrated notes

Levels and vault maps discovered:
D:1:      dpeg_arrival_erosion, layout_basic, minmay_tall_x
D:2:      layout_loops_corners, marbit_many_paths, serial_bayou_ford_a,
          uniq_crazy_yiuf_cottage, uniq_sigmund
D:3:      layout_basic
D:4:      layout_basic, serial_shops, nicolae_shop_crystal, first_ration,
          hangedman_decor_slide_cut, grunt_dithmenos_smoke_and_mirrors

Skill      XL: |  1  2 |
---------------+-------+-----
Stealth        | 2 4 |  4.0
Unarmed Combat | 3 |  3.4
Fighting       | |  1.0
Short Blades   | |  1.0
Dodging        | |  2.0
Evocations     | |  3.2

Action                   |  1- 3 |  4- 6 || total
-------------------------+-------+-------++-------
Melee: Short sword       |    14 |     9 ||    23
       Constrict         |     5 |     1 ||     6
       Tentacles         |     3 |     2 ||     5
Evoke: Wand              |     8 |     3 ||    11
 Stab: Sleeping          |     2 |     1 ||     3
       Paralysed         |     3 |       ||     3
Armor: Skin              |     4 |     1 ||     5
Dodge: Dodged            |    13 |     9 ||    22

Table legend:
 A = Non-vault XP
 B = Vault XP
 C = Vault XP percentage of total XP
 D = Non-vault monster count
 E = Vault monster count
 F = Vault count percentage of total count
                 A         B        C        D         E       F
            +---------+---------+-------+---------+---------+-------
      Total |     162 |       1 |   0.6 |      12 |       1 |   7.7
            +---------+---------+-------+---------+---------+-------
        D:1 |       7 |       0 |   0.0 |       4 |       0 |   0.0
        D:2 |       3 |       1 |  25.0 |       1 |       1 |  50.0
        D:3 |     150 |       0 |   0.0 |       6 |       0 |   0.0
        D:4 |       2 |       0 |   0.0 |       1 |       0 |   0.0
            +---------+---------+-------+---------+---------+-------
